 Dungeon Crawl Stone Soup version 0.28-a0-397-g1a7b1a870f (webtiles) character file.

Game seed: 6459434818042164640

280 Decipherer the Poker (level 6, -1/53 HPs)
             Began as a Gnoll Berserker on Sept 4, 2021.
             Was a Believer of Trog.
             Slain by a gnoll (6 damage)
             ... on level 4 of the Dungeon.
             The game lasted 00:01:54 (985 turns).

Decipherer the Poker (Gnoll Berserker)               Turns: 985, Time: 00:01:55

Health: -1/53      AC:  6    Str: 18    XL:     6   Next: 27%
Magic:  8/8        EV: 12    Int:  6    God:    Trog [**....]
Gold:   77         SH:  0    Dex: 12    Spells: 8/8 levels left

rFire   . . .      SeeInvis .   a - +0 spear
rCold   . . .      Faith    .   (no shield)
rNeg    . . .      Spirit   .   e - +0 ring mail
rPois   .          Reflect  .   (no helmet)
rElec   .          Harm     .   (no cloak)
rCorr   .          Rampage  .   (no gloves)
Will    .....                   (no boots)
Stlth   +.........              (no amulet)
HPRegen 0.17/turn               (no ring)
MPRegen 0.11/turn               (no ring)

@: brilliant, on berserk cooldown, flying, slowed, very slow
A: fangs 1, strong nose, distributed training
a: Renounce Religion, Berserk, Trog's Hand


You were on level 4 of the Dungeon.
You worshipped Trog.
Trog was pleased with you.
You visited 1 branch of the dungeon, and saw 3 of its levels.

You collected 77 gold pieces.

Inventory:

Hand Weapons
 a - a +0 spear (weapon)
Missiles
 h - 8 poisoned darts
Armour
 b - a +0 animal skin
 d - a +0 kite shield
 e - a +0 ring mail (worn)
 i - a +1 chain mail of cold resistance
Scrolls
 c - 2 scrolls of enchant weapon {unknown}
 f - a scroll of fear {unknown}
 j - 2 scrolls of identify {unknown}


   Skills:
 + Level 6.8 Fighting
 + Level 1.9 Short Blades
 + Level 1.9 Long Blades
 + Level 1.9 Axes
 + Level 1.9 Maces & Flails
 + Level 6.8 Polearms
 + Level 1.9 Staves
 + Level 1.9 Slings
 + Level 1.9 Bows
 + Level 1.9 Crossbows
 + Level 1.9 Throwing
 + Level 4.9 Armour
 + Level 4.9 Dodging
 + Level 1.9 Stealth
 + Level 1.9 Shields
 + Level 1.9 Unarmed Combat
 + Level 1.9 Spellcasting
 + Level 1.5 Conjurations
 + Level 1.5 Hexes
 + Level 1.5 Summonings
 + Level 1.5 Necromancy
 + Level 1.5 Translocations
 + Level 1.5 Transmutations
 + Level 1.5 Fire Magic
 + Level 1.5 Ice Magic
 + Level 1.5 Air Magic
 + Level 1.5 Earth Magic
 + Level 1.5 Poison Magic
 + Level 2.1 Invocations
 + Level 1.9 Evocations


You had 8 spell levels left.
You didn't know any spells.
Your spell library contained the following spells:

 Spells                   Type           Power      Damage    Failure   Level
 Fireball                 Conj/Fire      1%         3d3       100%        5
 Starburst                Conj/Fire      1%         6d3       100%        6
 Ignition                 Fire           1%         3d3       100%        8


Dungeon Overview and Level Annotations

Branches:
Dungeon (2/15)

Altars:


Innate Abilities, Weirdness & Mutations

You have very sharp teeth.
Your uncanny sense of smell can sniff out nearby items.
Your experience applies equally to all skills.


Message History

The howler monkey hits you.
You barely miss the howler monkey.
The howler monkey is heavily wounded.
The endoplasm freezes you.
You are frozen.
* * * LOW HITPOINT WARNING * * *
The howler monkey misses you.
The endoplasm hits you but does no damage.
You puncture the howler monkey!
The howler monkey is almost dead.
The howler monkey hits you.
* * * LOW HITPOINT WARNING * * *
A gnoll comes into view.
It is wielding a +1 flail of holy wrath.
The endoplasm hits you.
* * * LOW HITPOINT WARNING * * *
You hit the howler monkey.
You kill the howler monkey!
Trog accepts your kill. The endoplasm misses you.
It was a potion of curing.
You feel better. The endoplasm freezes you.
You are frozen.
* * * LOW HITPOINT WARNING * * *
The gnoll hits you with a +1 flail of holy wrath.
* * * LOW HITPOINT WARNING * * *
A gnoll comes into view. It is wielding a +0 flail.
The endoplasm freezes you.
You are frozen.
* * * LOW HITPOINT WARNING * * *
It was a potion of flight.
You feel very buoyant.
You fly up into the air.
The gnoll closely misses you.
A gnoll comes into view. It is wielding a +0 whip.
The endoplasm barely misses you.
It was a potion of brilliance.
You feel clever all of a sudden.
The gnoll shouts!
The endoplasm barely misses you.
The gnoll hits you with a +1 flail of holy wrath.
You die...

## #. .#
#........###
#.#!#.#...####
.............
#.#/#.....
.......#
##.#.#.#...#
#......))Jg#
##.#.#.#)g@#
.$..g.)####
#.#.#.#∆ ##..
#.. #.. #..


You could see 3 gnolls and an endoplasm.

Vanquished Creatures
  2 ogres (D:4)
  A howler monkey (D:4)
  Terence (D:2)
  A worm (D:4)
  2 dart slugs
  3 orcs (D:4)
  7 bats
  4 endoplasms
  4 giant cockroaches (D:1)
  4 hobgoblins
  5 kobolds (D:1)
  A quokka (D:1)
  5 frilled lizards
  2 goblins
  3 rats
45 creatures vanquished.

Notes
Turn   | Place    | Note
-------+----------+-------------------------------------------
     0 | D:1      | Decipherer the Gnoll Berserker began the quest for the Orb.
     0 | D:1      | Reached XP level 1. HP: 23/23 MP: 1/1
   170 | D:1      | Reached XP level 2. HP: 29/29 MP: 2/2
   348 | D:1      | Reached XP level 3. HP: 31/35 MP: 3/3
   486 | D:1      | Reached ** piety under Trog
   622 | D:1      | Found a faded altar of an unknown god.
   701 | D:2      | Noticed Terence
   715 | D:2      | Killed Terence
   716 | D:2      | Reached skill level 1 in Short Blades
   716 | D:2      | Reached skill level 1 in Long Blades
   716 | D:2      | Reached skill level 1 in Axes
   716 | D:2      | Reached skill level 1 in Maces & Flails
   716 | D:2      | Reached skill level 1 in Staves
   716 | D:2      | Reached skill level 1 in Slings
   716 | D:2      | Reached skill level 1 in Bows
   716 | D:2      | Reached skill level 1 in Crossbows
   716 | D:2      | Reached skill level 1 in Throwing
   716 | D:2      | Reached skill level 1 in Stealth
   716 | D:2      | Reached skill level 1 in Shields
   716 | D:2      | Reached skill level 1 in Unarmed Combat
   716 | D:2      | Reached skill level 1 in Spellcasting
   716 | D:2      | Reached skill level 1 in Invocations
   716 | D:2      | Reached skill level 1 in Evocations
   723 | D:2      | Reached XP level 4. HP: 33/41 MP: 5/5
   944 | D:2      | You fall into a shaft and drop 2 floors!
   944 | D:4      | Noticed an ogre
   944 | D:4      | Noticed an ogre
   954 | D:4      | Killed an ogre
   955 | D:4      | Reached skill level 1 in Conjurations
   955 | D:4      | Reached skill level 1 in Hexes
   955 | D:4      | Reached skill level 1 in Summonings
   955 | D:4      | Reached skill level 1 in Necromancy
   955 | D:4      | Reached skill level 1 in Translocations
   955 | D:4      | Reached skill level 1 in Transmutations
   955 | D:4      | Reached skill level 1 in Fire Magic
   955 | D:4      | Reached skill level 1 in Ice Magic
   955 | D:4      | Reached skill level 1 in Air Magic
   955 | D:4      | Reached skill level 1 in Earth Magic
   955 | D:4      | Reached skill level 1 in Poison Magic
   955 | D:4      | Reached XP level 5. HP: 34/47 MP: 5/7
   958 | D:4      | Killed an ogre
   959 | D:4      | Reached XP level 6. HP: 38/53 MP: 5/8
   985 | D:4      | Slain by a gnoll

Illustrated notes

Levels and vault maps discovered:
D:1:      heliophobic_arrival_battle_scene, layout_rooms,
          hellmonk_ecumenical_altar_run_dry, minmay_door_square,
          minmay_tetromino_i2
D:2:      layout_rooms, uniq_terence
D:4:      layout_basic, ebering_ghost_sewer_f, st_stairs_12,
          kennysheep_generic_room_8

Skill      XL: |  1  2  3  4  5 |
---------------+----------------+-----
Short Blades   | 1 |  1.9
Long Blades    | 1 |  1.9
Axes           | 1 |  1.9
Maces & Flails | 1 |  1.9
Staves         | 1 |  1.9
Slings         | 1 |  1.9
Bows           | 1 |  1.9
Crossbows      | 1 |  1.9
Throwing       | 1 |  1.9
Stealth        | 1 |  1.9
Shields        | 1 |  1.9
Unarmed Combat | 1 |  1.9
Spellcasting   | 1 |  1.9
Invocations    | 1 2 |  2.1
Evocations     | 1 |  1.9
Conjurations   | 1 |  1.5
Hexes          | 1 |  1.5
Summonings     | 1 |  1.5
Necromancy     | 1 |  1.5
Translocations | 1 |  1.5
Transmutations | 1 |  1.5
Fire Magic     | 1 |  1.5
Ice Magic      | 1 |  1.5
Air Magic      | 1 |  1.5
Earth Magic    | 1 |  1.5
Poison Magic   | 1 |  1.5
Fighting       | |  6.8
Polearms       | |  6.8
Armour         | |  4.9
Dodging        | |  4.9

Action                   |  1- 3 |  4- 6 || total
-------------------------+-------+-------++-------
Melee: Spear             |   122 |    53 ||   175
       Bite              |    14 |     5 ||    19
Invok: Berserk           |     1 |     1 ||     2
  Use: Potion            |       |     3 ||     3
Armor: Animal skin       |    10 |       ||    10
       Ring mail         |    16 |    15 ||    31
Dodge: Dodged            |    43 |    40 ||    83

Table legend: (Time is in decaauts)
 A = Elapsed time spent in this place.
 B = Non-inter-level travel time spent in this place.
 C = Inter-level travel time spent in this place.
 D = Time resting spent in this place.
 E = Time spent auto-exploring this place.
 F = Levels seen in this place.
 G = Mean time per level.
                   A        B        C        D        E       F      G
               +--------+--------+--------+--------+--------+-----+--------+
         Total |    953 |    919 |     34 |      0 |    660 |   3 |  317.7 |
       Dungeon |    953 |    919 |     34 |      0 |    660 |   3 |  317.7 |
               +--------+--------+--------+--------+--------+-----+--------+

Top non-repeatable levels by time:
     D:1: 667 daAuts
     D:2: 252 daAuts
     D:4: 33 daAuts
